 Dungeon Crawl Stone Soup version 0.24-a0-497-g5a03d68f59 (webtiles) character file.

Game seed: 3434848664875743923

26604 Azzok the Thaumaturge (level 12, -7/59 HPs)
             Began as a Deep Elf Fire Elementalist on July 13, 2019.
             Was an Elder of Vehumet.
             Mangled by a minotaur
             ... wielding a +0 morningstar of protection
              (17 damage)
             ... in a Gauntlet.
             The game lasted 00:34:05 (18885 turns).

Azzok the Thaumaturge (Deep Elf Fire Elementalist) Turns: 18885, Time: 00:34:05

Health: -7/59      AC:  9    Str: 10    XL:     12   Next: 99%
Magic:  14/32      EV: 23    Int: 31    God:    Vehumet [****..]
Gold:   527        SH:  8    Dex: 20    Spells: 26/39 levels left

rFire    . . .     SeeInvis .   u - +0 dagger (elec)
rCold    . . .     Gourm    .   o - +0 buckler
rNeg     . . .     Faith    .   G - +1 troll leather armour
rPois    .         Spirit   .   B - +0 helmet
rElec    .         Reflect  +   s - +0 cloak
rCorr    .         Harm     .   n - +0 pair of gloves
MR       +....     NoTele   +   a - +0 pair of boots
Stlth    +++.......             w - +2 amulet of reflection
HPRegen  0.59/turn              (no ring)
MPRegen  0.23/turn              (no ring)

@: mighty, brilliant, agile
A: no striking features
a: Renounce Religion


You were in a Gauntlet.
You worshipped Vehumet.
Vehumet was greatly pleased with you.
You were not hungry.

You visited 3 branches of the dungeon, and saw 14 of its levels.
You also visited: Gauntlet and Ice Cave.

You collected 841 gold pieces.
You spent 314 gold pieces at shops.

Inventory:

Hand Weapons
 u - a +0 dagger of electrocution (weapon)
 A - a +1 scythe of slicing
Armour
 a - a +0 pair of boots (worn)
 d - a +0 robe of positive energy
 n - a +0 pair of gloves (worn)
 o - a +0 buckler (worn)
 s - a +0 cloak (worn)
 B - a +0 helmet (worn)
 G - a +1 troll leather armour (worn)
Jewellery
 q - an uncursed amulet of the acrobat {unknown}
 w - a +2 amulet of reflection (around neck)
Wands
 k - a wand of iceblast (8)
 r - a wand of paralysis (19)
 v - a wand of clouds (8)
 y - a wand of polymorph (5)
 C - a wand of disintegration (14)
 H - a wand of flame (14)
Scrolls
 b - 7 scrolls of remove curse
 f - 2 scrolls of magic mapping
 h - a scroll of fear {unknown}
 i - a scroll of enchant armour
 l - 7 scrolls of teleportation
 m - a scroll of blinking
 t - 2 scrolls of amnesia
Potions
 e - 6 potions of curing
 j - 4 potions of resistance
 p - a potion of agility
 x - 4 potions of flight
 E - 2 potions of mutation {!q}
 F - 2 potions of might
 I - a potion of magic
Miscellaneous
 J - a lightning rod (4/4)
Comestibles
 c - 15 rations


   Skills:
 + Level 8.4 Dodging
 - Level 2.4 Stealth
 - Level 4.0 Shields
 + Level 14.3 Spellcasting
 + Level 12.1 Conjurations
 + Level 12.5 Fire Magic
 + Level 7.2 Evocations


You had 26 spell levels left.
You knew the following spells:

 Your Spells              Type           Power        Failure   Level  Hunger
a - Flame Tongue          Conj/Fire      #####        0%          1    None
b - Conjure Flame         Conj/Fire      #######.     1%          3    None
c - Sticky Flame          Conj/Fire      #######.     1%          4    None
d - Fireball              Conj/Fire      #######...   1%          5    None

Your spell library contained the following spells:

 Spells                   Type           Power        Failure   Level  Hunger
 Force Lance              Conj/Tloc      ######..     1%          4    None
 Confusing Touch          Hex            #####.       1%          1    None
 Shock                    Conj/Air       ####         1%          1    None
 Swiftness                Chrm/Air       #####...     1%          2    None
 Throw Flame              Conj/Fire      ######       1%          2    None
 Confuse                  Hex            #####...     1%          3    None
 Gell's Gravitas          Tloc           #####.....   1%          3    None
 Inner Flame              Hex/Fire       ######..     1%          3    None
 Static Discharge         Conj/Air       ######..     1%          3    None
 Lightning Bolt           Conj/Air       ######....   1%          5    None
 Airstrike                Air            #####.....   3%          4    None
 Petrify                  Tmut/Erth      #####...     3%          4    None
 Metabolic Englaciation   Hex/Ice        #####.....   9%          5    None
 Yara's Violent Unravell  Hex/Tmut       #####.....   9%          5    None
 Haunt                    Necr/Summ      #####.....   86%         7    #####..
 Borgnjor's Revivificati  Necr           #####.....   100%        8    ######.
 Death's Door             Chrm/Necr      #####.....   100%        8    ######.
 Infestation              Necr           #####.....   100%        8    ######.
 Necromutation            Tmut/Necr      #####.....   100%        8    ######.


Dungeon Overview and Level Annotations

Branches:
Dungeon (11/15)            Temple (1/1) D:5            Lair (2/6) D:11
    Orc (0/2) D:10
  Swamp: Lair:2-4    Shoals: Lair:2-4     Snake: Lair:2-4    Spider: Lair:2-4

Altars:
Ashenzari
Cheibriados
Dithmenos
Elyvilon
Gozag
Hepliaklqana
Kikubaaqudgha
Nemelex Xobeh
Okawaru
Qazlal
Ru
Sif Muna
Uskayaw
Vehumet
Xom
Yredelemnul
Zin
The Shining One

Shops:
D:5 (   D:7 ?   D:10 *

Annotations:
D:9 3 runed translucent doors, akello96's ghost, novice NaVM Gauntlet 6 transporters, 1 runed translucent door, exclusion: lightning spire


Message History

The minotaur is engulfed in blazing flames.
You block the minotaur's attack. The minotaur barely misses you.
Press: ? - help, v - describe, . - travel
Here: a minotaur, wielding a +0 morningstar of protection and wearing +0 gold dragon scales (flame, heavily wounded, covered in liquid flames)
An open door.
You feel much better.
The minotaur burns!
The minotaur is engulfed in blazing flames.
The minotaur hits you with a +0 morningstar of protection!!
* * * LOW HITPOINT WARNING * * *
The minotaur gores you!
* * * LOW HITPOINT WARNING * * *
Evoke which item? (* to show all) (? for menu, Esc to quit)
Aiming: Polymorph
Press: ? - help, Shift-Dir - straight line, f/p - minotaur
Aim: a minotaur, wielding a +0 morningstar of protection and wearing +0 gold dragon scales (flame, heavily wounded, covered in liquid flames, chance to defeat MR: 8%)
The minotaur resists with almost no effort.
The minotaur burns!
The minotaur is engulfed in blazing flames.
The minotaur hits you with a +0 morningstar of protection!
You die...

▒▒≈▒▒▒≈▒▒▒·······▒▒▒≈▒▒▒≈▒▒
▒▒ ▒▒▒▒▒▒▒▒▒▒▒▒▒▒▒▒▒▒ ▒▒
▒·················
▒·⌠·⌠·⌠·©·©·⌠·⌠·⌠·
▒·················
▒▒▒·▒·▒▒▒▒▒▒▒·▒·▒▒ ▒··(·▒
·· ▒ ▒·▒·▒▒(▒·▒▒·▒·
▒·····@·······
▒·▒··▒▒H▒▒··▒· ▒·▒··▒ §8▒ ▒
▒····▒ §§▒ ▒▒▒8·▒ ·8▒ ▒▒▒
·[▒ ·8▒ ·(▒


You could see a minotaur (burning).

Vanquished Creatures
  A frost giant (IceCv)
  A hydra (Lair:2)
  A two-headed ogre (D:11)
  2 death scarabs (Gauntlet)
  A tengu warrior (D:11)
  3 skeletal warriors (D:11)
  A spectral death yak (Gauntlet)
  An unseen horror (D:10)
  An ugly thing (D:11)
  A deep elf mage (D:7)
  An ice statue (IceCv)
  A centaur skeleton (D:11)
  2 spiny frogs (Lair:1)
  2 rime drakes (Lair:1)
  A komodo dragon (Lair:2)
  13 polar bears (IceCv)
  A troll (D:11)
  Prince Ribbit (D:7)
  A blink frog (Lair:1)
  3 hornets (Gauntlet)
  A spectral dream sheep (Gauntlet)
  A hippogriff (D:8)
  A spectral black mamba (Gauntlet)
  A wraith (D:11)
  A water elemental (D:11)
  24 yaks
  2 basilisks
  4 hungry ghosts
  Edmund (D:4)
  A water moccasin (D:8)
  Duvessa (D:7)
  A meliai simulacrum (Gauntlet)
  A porcupine (Lair:1)
  2 ice beasts (D:9)
  2 black bears (D:9)
  7 orc warriors
  2 phantoms
  A necrophage (D:11)
  17 wolves
  4 sky beasts
  3 ogres
  A centaur (D:8)
  2 crocodiles (Lair:1)
  2 big kobolds
  7 bullfrogs
  Dowan (D:7)
  6 scorpions
  2 wyvern skeletons
  3 killer bees (D:9)
  14 electric eels
  6 crimson imps
  2 centaur zombies
  3 quasits
  A wyvern simulacrum (Gauntlet)
  2 bullfrog skeletons
  A jelly (D:5)
  6 orc priests
  11 hounds
  An iguana (D:10)
  9 worker ants
  Natasha (thrice) (D:3)
  11 orc wizards
  A killer bee zombie (D:6)
  2 centaur simulacra (Gauntlet)
  2 hound zombies
  8 adders
  2 shadow imps
  An ooze (D:2)
  An adder zombie (D:10)
  An adder skeleton (D:9)
  3 worms (D:2)
  A dart slug (D:3)
  6 leopard geckos
  44 orcs
  6 giant cockroaches
  7 goblins
  15 hobgoblins
  4 jackals
  15 kobolds
  5 quokkas
  2 ball pythons
  8 bats
  6 frilled lizards
  5 rats
  A plant (Lair:2)
357 creatures vanquished.

Vanquished Creatures (others)
  A quokka (D:8)
  4 plants
5 creatures vanquished.

Grand Total: 362 creatures vanquished

Notes
Turn   | Place    | Note
-------+----------+-------------------------------------------
     0 | D:1      | Azzok the Deep Elf Fire Elementalist began the quest for
                  | the Orb.
     0 | D:1      | Reached XP level 1. HP: 10/10 MP: 6/6
   158 | D:1      | Reached XP level 2. HP: 15/15 MP: 5/8
   844 | D:2      | Reached XP level 3. HP: 19/19 MP: 8/10
   850 | D:2      | Learned a level 3 spell: Conjure Flame
  1154 | D:2      | Reached skill level 4 in Spellcasting
  1493 | D:2      | Reached XP level 4. HP: 23/24 MP: 9/12
  1649 | D:2      | Learned a level 4 spell: Sticky Flame
  2116 | D:3      | Noticed Natasha
  2118 | D:3      | Killed Natasha
  2118 | D:3      | Reached XP level 5. HP: 17/28 MP: 8/14
  2400 | D:3      | Noticed Natasha
  2410 | D:3      | Killed Natasha
  2410 | D:3      | Reached skill level 5 in Spellcasting
  2773 | D:3      | Noticed Natasha
  2790 | D:3      | Killed Natasha
  2933 | D:4      | Found a shattered altar of Ashenzari.
  3048 | D:4      | Found a hazy altar of Hepliaklqana.
  3105 | D:4      | Learned a level 5 spell: Fireball
  3128 | D:4      | Reached skill level 5 in Fire Magic
  3185 | D:4      | Noticed Edmund
  3197 | D:4      | Killed Edmund
  3197 | D:4      | Reached XP level 6. HP: 20/32 MP: 5/16
  3618 | D:5      | Entered Level 5 of the Dungeon
  3669 | D:5      | Found a staircase to the Ecumenical Temple.
  3676 | D:5      | Reached skill level 6 in Spellcasting
  3945 | Temple   | Entered the Ecumenical Temple
  4060 | Temple   | Became a worshipper of Vehumet
  4189 | D:5      | Found an iron altar of Okawaru.
  4225 | D:5      | Found Weniklu's Weapon Emporium.
  4272 | D:5      | Reached XP level 7. HP: 36/36 MP: 11/18
  4586 | D:5      | Reached skill level 5 in Conjurations
  5266 | D:6      | Reached skill level 7 in Spellcasting
  5689 | D:6      | Reached XP level 8. HP: 38/41 MP: 9/21
  6126 | D:6      | Reached * piety under Vehumet
  6126 | D:6      | Offered knowledge of Shock by Vehumet.
  6161 | D:6      | Reached skill level 8 in Spellcasting
  6347 | D:6      | Found a snail-covered altar of Cheibriados.
  6658 | D:7      | Found Kyogen Keak's Magic Scroll Emporium.
  6782 | D:7      | Bought a scroll of identify for 30 gold pieces
  6782 | D:7      | Bought a scroll of identify for 30 gold pieces
  6782 | D:7      | Bought a scroll of identify for 30 gold pieces
  6782 | D:7      | Bought a scroll of identify for 30 gold pieces
  6782 | D:7      | Bought a scroll of teleportation for 45 gold pieces
  6782 | D:7      | Bought a scroll of magic mapping for 52 gold pieces
  6782 | D:7      | Bought a scroll of teleportation for 45 gold pieces
  6782 | D:7      | Bought a scroll of amnesia for 52 gold pieces
  7062 | D:7      | Noticed Prince Ribbit
  7063 | D:7      | Noticed Dowan
  7073 | D:7      | Killed Prince Ribbit
  7073 | D:7      | Reached skill level 1 in Shields
  7120 | D:6      | Reached skill level 9 in Spellcasting
  7486 | D:7      | Got a tiger eye-encrusted ring mail
  7731 | D:7      | Noticed Duvessa
  7746 | D:7      | Killed Duvessa
  7746 | D:7      | Reached XP level 9. HP: 45/45 MP: 15/24
  7757 | D:7      | Killed Dowan
  7971 | D:7      | Found a glowing silver altar of Zin.
  7972 | D:7      | Noticed a deep elf mage
  7980 | D:7      | Killed a deep elf mage
  8521 | D:8      | Found a white marble altar of Elyvilon.
  8788 | D:8      | Reached skill level 10 in Spellcasting
 10598 | D:9      | Reached XP level 10. HP: 36/50 MP: 7/26
 11017 | D:9      | Found a snail-covered altar of Cheibriados.
 11055 | D:9      | Reached skill level 11 in Spellcasting
 11063 | D:9      | Reached ** piety under Vehumet
 11079 | D:9      | Offered knowledge of Throw Frost by Vehumet.
 11292 | D:9      | Reached skill level 10 in Fire Magic
 11686 | D:9      | Found a runed translucent gate.
 11720 | D:9      | Found a deep blue altar of Sif Muna.
 11720 | D:9      | Found a hide-covered altar of Uskayaw.
 11804 | D:9      | Found a sparkling altar of Nemelex Xobeh.
 11863 | D:9      | Found a runed translucent gate.
 11864 | D:9      | Found a runed translucent gate.
 11865 | D:9      | Noticed a ten-headed hydra
 11866 | D:9      | Noticed akello96's ghost (novice NaVM)
 12100 | D:9      | Identified the cursed +1 ring mail of Servitude {*Slow MR+
                  | SInv} (You found it on level 7 of the Dungeon)
 12125 | D:10     | Entered Level 10 of the Dungeon
 12484 | D:10     | Noticed an unseen horror
 12491 | D:10     | Killed an unseen horror
 12491 | D:10     | Reached skill level 12 in Spellcasting
 12491 | D:10     | Reached skill level 10 in Conjurations
 12947 | D:10     | Found Mauly's Assorted Antiques.
 13006 | D:10     | Found a staircase to the Orcish Mines.
 13026 | D:10     | Offered knowledge of Stone Arrow by Vehumet.
 13127 | D:11     | Reached skill level 1 in Evocations
 13296 | D:11     | Reached *** piety under Vehumet
 13296 | D:11     | Reached XP level 11. HP: 40/54 MP: 12/29
 13918 | D:11     | Offered knowledge of Ignite Poison by Vehumet.
 14255 | D:11     | Noticed a green ugly thing
 14275 | D:11     | Killed a green ugly thing
 14383 | D:11     | Found a staircase to the Lair.
 14805 | D:11     | Noticed a tengu warrior
 14810 | D:11     | Killed a tengu warrior
 14963 | D:11     | Noticed a skeletal warrior
 14993 | D:11     | Killed a skeletal warrior
 15136 | D:11     | Noticed a skeletal warrior
 15152 | D:11     | Noticed a skeletal warrior
 15155 | D:11     | Killed a skeletal warrior
 15155 | D:11     | Reached skill level 5 in Dodging
 15311 | D:11     | Noticed a two-headed ogre
 15317 | D:11     | Killed a two-headed ogre
 15451 | D:11     | Reached **** piety under Vehumet
 15454 | D:11     | Reached skill level 13 in Spellcasting
 15828 | D:11     | Killed a skeletal warrior
 16020 | Lair:1   | Entered Level 1 of the Lair of Beasts
 16226 | Lair:1   | Offered knowledge of Force Lance by Vehumet.
 16233 | Lair:1   | Reached skill level 5 in Evocations
 16233 | Lair:1   | Reached XP level 12. HP: 59/59 MP: 7/31
 16281 | Lair:1   | Found a frozen archway.
 16287 | IceCv    | Entered an ice cave
 17549 | IceCv    | Noticed a frost giant
 17558 | IceCv    | HP: 2/59 [frost giant/+0 battleaxe of freezing (10)]
 17560 | IceCv    | Killed a frost giant
 17758 | IceCv    | Found the +3 giant club "Skullcrusher" {speed, Str+7}
 18050 | Lair:1   | Reached skill level 14 in Spellcasting
 18223 | Lair:1   | You fall into a shaft and drop 1 floor!
 18263 | Lair:2   | Noticed an eight-headed hydra
 18267 | Lair:2   | Killed an eight-headed hydra
 18461 | Lair:2   | Found a gate leading to a gauntlet.
 18472 | Gauntlet | Entered a Gauntlet
 18472 | Gauntlet | Found a transporter.
 18472 | Gauntlet | Found a transporter.
 18472 | Gauntlet | Found a runed translucent door.
 18472 | Gauntlet | Found a runed translucent door.
 18480 | Gauntlet | Found a transporter.
 18484 | Gauntlet | Found a transporter.
 18492 | Gauntlet | Found a transporter.
 18496 | Gauntlet | Found a transporter.
 18504 | Gauntlet | Found a transporter.
 18511 | Gauntlet | Noticed a death scarab
 18514 | Gauntlet | Noticed a death scarab
 18521 | Gauntlet | Found a transporter.
 18539 | Gauntlet | Found a transporter.
 18540 | Gauntlet | Found a transporter.
 18548 | Gauntlet | Found a transporter.
 18552 | Gauntlet | Found a transporter.
 18583 | Gauntlet | Noticed a death scarab
 18788 | Gauntlet | Killed a death scarab
 18790 | Gauntlet | Killed a death scarab
 18864 | Gauntlet | Noticed a minotaur
 18882 | Gauntlet | HP: 1/59 [minotaur/+0 morningstar of protection (16)]
 18885 | Gauntlet | Mangled by a minotaur

Levels and vault maps discovered:
D:1:      dpeg_arrival_court, layout_loops_cross
D:2:      minmay_wonky_spiral, layout_basic
D:3:      layout_loops_ring, first_ration, uniq_natasha
D:4:      layout_cave_pools, kennysheep_mini, kennysheep_little_box,
          serial_glass, glass_columns_a, glass_columns_a, uniq_edmund
D:5:      layout_gridville, okawaru_gym_becter, minmay_temple_entry_waves,
          serial_shops, nicolae_shop_waterfront
D:6:      layout_rooms, basic_altar
D:7:      layout_basic, serial_shops, shop, david_defended_altar_elf,
          uniq_prince_ribbit1, uniq_duvessa
D:8:      layout_loops_cross, elyvilon_altar_4, serial_bayou,
          serial_bayou_lagoon_b, serial_bayou_pond_a, serial_bayou_pond_e,
          serial_bayou_lake_a, hex_medium
D:9:      layout_long_grid, kennysheep_mini_moat,
          gammafunk_temple_overflow_elements, basic_altar,
          gammafunk_ghost_hydra_chop
D:10:     layout_gridville, orc_0_dummy, serial_shops, nicolae_shop_behind_doors
D:11:     layout_long_grid, erik_lair_island, grunt_tengu_nest, fountainhead
Temple:   regret_index_temple_generic_petals
Lair:1:   lemuel_ratsnest, layout_regular_city, portal_ice_cave_rime
Lair:2:   layout_roguey, minmay_swamp_entry_worms, gauntlet_entry_generic
Gauntlet: minmay_gauntlet_77_indecision [minmay_gauntlet_arena_77_cramped,
          minmay_gauntlet_arena_77_broken_ladder,
          minmay_gauntlet_arena_77_radiant_squares,
          minmay_gauntlet_arena_77_braids,
          minmay_gauntlet_arena_77_double_cross, minmay_gauntlet_arena_77_fan,
          nicolae_gauntlet_exit_dead_adventurers]

Skill      XL: |  1  2  3  4  5  6  7  8  9 10 11 12 |
---------------+-------------------------------------+-----
Conjurations   | 2 3 4 5 7 8 10 11 12 | 12.1
Spellcasting   | 4 5 6 7 9 10 12 13 14 | 14.3
Fire Magic     | 4 5 6 8 9 10 11 12 | 12.5
Shields        | 1 3 4 |  4.0
Evocations     | 1 5 7 |  7.2
Dodging        | 3 6 8 |  8.4
Stealth        | |  2.4

Action                   |  1- 3 |  4- 6 |  7- 9 | 10-12 || total
-------------------------+-------+-------+-------+-------++-------
Melee: Unarmed           |       |     1 |       |       ||     1
       Flail             |       |       |     6 |       ||     6
       Dagger            |       |       |     7 |    71 ||    78
 Cast: Flame Tongue      |    64 |   101 |   121 |   145 ||   431
       Sticky Flame      |       |     8 |    25 |    57 ||    90
       Fireball          |       |       |    33 |   174 ||   207
       Conjure Flame     |       |       |     6 |     3 ||     9
Evoke: Wand              |       |       |       |    11 ||    11
  Use: Scroll            |       |       |    10 |    12 ||    22
       Potion            |       |       |       |    10 ||    10
 Stab: Sleeping          |       |       |     3 |       ||     3
  Eat: Chunk             |     2 |     9 |    14 |    18 ||    43
       Ration            |       |       |     4 |     6 ||    10
Armor: Robe              |     5 |     7 |    16 |    23 ||    51
       Skin              |       |       |       |    10 ||    10
       Troll leather arm |       |       |       |    13 ||    13
Dodge: Dodged            |    10 |    25 |    49 |   101 ||   185
Block: Other             |       |       |     2 |       ||     2
       Buckler           |       |       |     4 |    53 ||    57
       Reflection        |       |       |       |     2 ||     2

Table legend:
 A = Non-vault XP
 B = Vault XP
 C = Vault XP percentage of total XP
 D = Non-vault monster count
 E = Vault monster count
 F = Vault count percentage of total count
                 A         B        C        D         E       F
            +---------+---------+-------+---------+---------+-------
      Total |   20565 |   17442 |  45.9 |     286 |      70 |  19.7
            +---------+---------+-------+---------+---------+-------
        D:1 |      30 |       0 |   0.0 |      17 |       0 |   0.0
        D:2 |     140 |       9 |   6.0 |      32 |       5 |  13.5
        D:3 |     110 |      36 |  24.7 |      15 |       1 |   6.2
        D:4 |      87 |     169 |  66.0 |      10 |       1 |   9.1
        D:5 |     539 |       0 |   0.0 |      19 |       0 |   0.0
        D:6 |     885 |       0 |   0.0 |      22 |       0 |   0.0
        D:7 |     653 |    1051 |  61.7 |      13 |       4 |  23.5
        D:8 |    1638 |       0 |   0.0 |      21 |       0 |   0.0
        D:9 |    3130 |       0 |   0.0 |      46 |       0 |   0.0
       D:10 |    2209 |       0 |   0.0 |      29 |       0 |   0.0
       D:11 |    7354 |    1707 |  18.8 |      46 |       9 |  16.4
     Lair:1 |    2081 |     766 |  26.9 |      11 |       2 |  15.4
     Lair:2 |    1709 |       0 |   0.0 |       5 |       0 |   0.0
      IceCv |       0 |    9403 | 100.0 |       0 |      36 | 100.0
   Gauntlet |       0 |    4301 | 100.0 |       0 |      12 | 100.0
            +---------+---------+-------+---------+---------+-------
